 Dungeon Sprint DCSS version 0.17-a0-2144-gd7f430c (webtiles) character file.

3200000 Horrz the Invulnerable (level 20, -2/216 HPs)
             Began as a Minotaur Fighter on Oct 24, 2015.
             Engulfed by a cloud of flame (4 damage)
             ... in the Dungeon (Sprint VIII: "Arena of Blood").
             The game lasted 00:04:38 (32 turns).

Horrz the Invulnerable (Minotaur Fighter)             Turns: 32, Time: 00:04:38

Health: -2/216     AC: 13    Str: 26    XL:     20   Next: 39%
Magic:  19/39      EV: 27    Int:  5    God:
Gold:   0          SH:  0    Dex: 14    Spells: 0 memorised, 52 levels left

rFire  . . .     SeeInvis .     l - +∞ Axe of Woe
rCold  . . .     Clarity  .     b - +0 scale mail
rNeg   . . .     SustAt   .     (no shield)
rPois  .         Gourm    .     (helmet restricted)
rElec  .         Spirit   .     (no cloak)
rCorr  .         Warding  .     (no gloves)
rMut   .         NoTele   +     (no boots)
MR     +....                    (no amulet)
Stlth  +++++++...               o - +30 ring of slaying
                                n - +30 ring of slaying

@: somewhat resistant to hostile enchantments, extremely stealthy
A: retaliatory headbutt, horns 2
a: no special abilities


You were in the Dungeon.
You were not hungry.

You visited 1 branch

Inventory:

Hand Weapons
 a - a +0 flail
 l - the +∞ Axe of Woe (weapon)
   (You found it in the Dungeon)
 m - a +9 war axe
Armour
 b - a +0 scale mail (worn)
 c - a +0 shield
Jewellery
 n - a +30 ring of slaying (left hand)
 o - a +30 ring of slaying (right hand)
Scrolls
 k - a scroll of blinking
Potions
 d - a potion of might
 f - a potion of curing
 g - a potion of heal wounds
 h - a potion of haste
 i - 2 potions of magic
 j - a potion of berserk rage
Comestibles
 e - a bread ration


   Skills:
 O Level 27 Fighting
 O Level 27 Axes
 O Level 27 Maces & Flails
 O Level 27 Armour
 O Level 27 Dodging
 O Level 27 Stealth
 O Level 27 Shields
 + Level 23.9 Unarmed Combat
 + Level 16.8 Spellcasting


You had 52 spell levels left.
You didn't know any spells.

Dungeon Overview and Level Annotations

Branches:
Dungeon (1/1)

Altars:
Makhleb


Innate Abilities, Weirdness & Mutations

You reflexively headbutt those who attack you in melee.
You have a pair of horns on your head.


Message History

Your Spellcasting skill increases to level 15!
You are engulfed in roaring flames.
* * * LOW HITPOINT WARNING * * *
You hear a shout! x17
An ogre and a vampire knight come into view.
You hear a shout! x7
The destroyer blinks!
A destroyer comes into view.
It is wielding a +9 great sword of slicing.
Items here: ))) == † You aren't carrying any items that can be evoked.
You slice the large bag of meat like a ripe choko!!!
You fatally mangle the large bag of meat.
The large bag of meat explodes!
The fiery explosion engulfs you!
* * * LOW HITPOINT WARNING * * *
The fiery explosion engulfs the destroyer.
Your Unarmed Combat skill increases to level 23!
Your Spellcasting skill increases to level 16!
You are engulfed in roaring flames.
You die...

... .. #.. ..# O
#%. ..# ..###%.
..###.
......###......
....%_......
#..V..# #§§§V_#
#§@§..#
...§.§§§§)..%o..
...%.%.###......
.V###.§ ..###. .
#.. ..# #.. .#
... .O .... ..


You could see 3 destroyers and a bag of meat.

Vanquished Creatures
  A vampire knight (D)
  5 ogres (D)
  13 orcs (D)
  2 hill giants (D)
21 creatures vanquished.

Notes
Turn   | Place    | Note
--------------------------------------------------------------
     0 | D        | Horrz the Minotaur Fighter began the quest for the Orb.
     0 | D        | Reached XP level 1. HP: 19/19 MP: 0/0
     2 | D        | Noticed a bag of meat
     4 | D        | Noticed a bag of meat
     5 | D        | Noticed a bag of meat
     6 | D        | Noticed a bag of meat
     8 | D        | Noticed a bag of meat
     8 | D        | Noticed a meat berserker
     8 | D        | Killed a bag of meat
     8 | D        | Reached skill level 19 in Fighting
     8 | D        | Reached XP level 2. HP: 22/55 MP: 1/1
     8 | D        | Reached XP level 3. HP: 24/62 MP: 2/2
     8 | D        | Reached XP level 4. HP: 27/70 MP: 3/3
     8 | D        | Reached XP level 5. HP: 29/77 MP: 4/4
     8 | D        | Reached XP level 6. HP: 32/85 MP: 5/5
     8 | D        | Reached XP level 7. HP: 34/92 MP: 6/6
     8 | D        | Reached XP level 8. HP: 36/100 MP: 7/7
     8 | D        | Reached XP level 9. HP: 38/107 MP: 8/8
     8 | D        | Reached XP level 10. HP: 40/115 MP: 9/9
     8 | D        | Reached XP level 11. HP: 42/122 MP: 10/10
     9 | D        | Killed a bag of meat
     9 | D        | Reached skill level 21 in Fighting
     9 | D        | Reached XP level 12. HP: 46/136 MP: 11/11
     9 | D        | Killed a bag of meat
     9 | D        | Reached skill level 22 in Fighting
     9 | D        | Reached XP level 13. HP: 48/146 MP: 12/12
     9 | D        | Killed a bag of meat
     9 | D        | Reached skill level 23 in Fighting
     9 | D        | Reached XP level 14. HP: 50/157 MP: 13/13
    10 | D        | Noticed a bag of meat
    10 | D        | Noticed a meat berserker
    11 | D        | Noticed a bag of meat
    11 | D        | Killed a bag of meat
    11 | D        | Reached skill level 24 in Fighting
    12 | D        | Noticed a meat berserker
    12 | D        | Noticed a bag of meat
    12 | D        | Noticed a bag of meat
    12 | D        | Noticed a bag of meat
    12 | D        | Killed a meat berserker
    12 | D        | Reached skill level 26 in Fighting
    12 | D        | Reached XP level 15. HP: 53/173 MP: 14/14
    14 | D        | Noticed a meat berserker
    14 | D        | Noticed a bag of meat
    14 | D        | Noticed a meat berserker
    15 | D        | Killed a meat berserker
    15 | D        | Reached skill level 27 in Fighting
    15 | D        | Reached skill level 27 in Armour
    15 | D        | Reached skill level 27 in Shields
    15 | D        | Reached XP level 16. HP: 56/183 MP: 15/15
    16 | D        | Killed a bag of meat
    16 | D        | Reached skill level 27 in Axes
    17 | D        | Noticed a bag of meat
    17 | D        | Killed a bag of meat
    17 | D        | Reached skill level 15 in Maces & Flails
    17 | D        | Reached skill level 10 in Stealth
    17 | D        | Killed a bag of meat
    17 | D        | Reached XP level 17. HP: 59/191 MP: 16/16
    18 | D        | Noticed a meat berserker
    19 | D        | Noticed a bag of meat
    19 | D        | Killed a meat berserker
    20 | D        | Noticed a bag of meat
    20 | D        | Killed a meat berserker
    20 | D        | Reached XP level 18. HP: 62/200 MP: 17/17
    21 | D        | Killed a bag of meat
    22 | D        | Noticed a meat berserker
    23 | D        | Killed a bag of meat
    24 | D        | Killed a meat berserker
    24 | D        | Reached skill level 27 in Maces & Flails
    24 | D        | Reached skill level 27 in Dodging
    24 | D        | Reached XP level 19. HP: 65/207 MP: 18/18
    24 | D        | Killed a bag of meat
    26 | D        | Noticed a destroyer
    26 | D        | Noticed a large bag of meat
    26 | D        | Killed a bag of meat
    26 | D        | Reached skill level 27 in Stealth
    28 | D        | Noticed a large bag of meat
    29 | D        | Noticed a destroyer
    29 | D        | Noticed a bag of meat
    29 | D        | Killed a bag of meat
    30 | D        | Killed a destroyer
    30 | D        | Reached XP level 20. HP: 69/216 MP: 18/37
    30 | D        | Killed a large bag of meat
    30 | D        | Reached skill level 15 in Spellcasting
    31 | D        | Noticed a meat berserker
    31 | D        | Noticed a destroyer
    32 | D        | Noticed a destroyer
    32 | D        | Killed a large bag of meat
    32 | D        | HP: 2/216 [large bag of meat/exploding inner flame (12)]
    32 | D        | Engulfed by a cloud of flame

Vault maps used:
D:        meatsprint

Action                   |  1- 3 |  4- 6 |  7- 9 | 10-12 | 13-15 | 16-18 | 19-21 || total
-------------------------+-------+-------+-------+-------+-------+-------+-------++-------
Melee: Executioner's axe |     1 |       |       |     1 |     3 |     7 |     4 ||    16
